 Dungeon Crawl Stone Soup version 0.22-a0-254-gaf95ca0 (webtiles) character file.

11 mhoghedin the Skirmisher (level 2, 25/26 HPs)
             Began as a Ghoul Wanderer on Mar 4, 2018.
             Quit the game on level 1 of the Dungeon.
             The game lasted 00:01:29 (542 turns).

mhoghedin the Skirmisher (Ghoul Wanderer)            Turns: 542, Time: 00:01:29

Health: 25/26      AC:  5    Str: 15    XL:     2   Next: 29%
Magic:  3/3        EV: 10    Int:  7    God:
Gold:   32         SH:  0    Dex:  8    Spells: 4/4 levels left

rFire    . . .     SeeInvis .   d - +0 club
rCold    + . .     Gourm    .   (no shield)
rNeg     + + +     Faith    .   b - +0 ring mail
rPois    ∞         Spirit   .   (no helmet)
rElec    .         Reflect  .   (no cloak)
rCorr    .         Harm     .   (no gloves)
MR       .....                  (no boots)
Stlth    ..........             (no amulet)
HPRegen  0.08/turn              (no ring)
MPRegen  0.08/turn              (no ring)

@: rotting
A: rotting body, claws 1, carnivore, cold resistance 1, negative energy
resistance 3, inhibited regeneration, torment resistance, unbreathing
a: no special abilities


You were on level 1 of the Dungeon.
You were not hungry.

You visited 1 branch of the dungeon, and saw 1 of its levels.

You collected 32 gold pieces.

Inventory:

Hand Weapons
 d - a +0 club (weapon)
Armour
 b - a +0 ring mail (worn)
Wands
 c - a wand of random effects (15)
Scrolls
 a - a scroll of magic mapping {unknown}
Potions
 e - a potion of degeneration {unknown}
Comestibles
 f - a ration


   Skills:
 - Level 3.4 Fighting
   Level 1.0(1.1) Axes
 + Level 0.5(0.9) Maces & Flails
 - Level 1.1 Armour
 - Level 0.4 Unarmed Combat
 - Level 1.9 Spellcasting
   Level 1.0 Charms
 - Level 2.0 Evocations


You had 4 spell levels left.
You didn't know any spells.

Dungeon Overview and Level Annotations

Branches:
Dungeon (1/15)

Altars:


Innate Abilities, Weirdness & Mutations

Your body is rotting away.
You thrive on raw meat.
You are immune to poison.
You have sharp fingernails.
You are carnivorous and can eat meat at any time.
Your flesh is cold resistant. (rC+)
You are immune to negative energy. (rN+++)
You do not regenerate when monsters are visible.
You are immune to unholy pain and torment.
You can survive without breathing.


Message History

You hit the giant cockroach but do no damage.
The giant cockroach bites you but does no damage.
The giant cockroach barely misses you.
You hit the giant cockroach but do no damage.
The giant cockroach closely misses you.
You hit the giant cockroach but do no damage.
The giant cockroach barely misses you. x2
Your ring mail prevents you from hitting the giant cockroach.
The giant cockroach closely misses you.
You closely miss the giant cockroach. The giant cockroach bites you.
The giant cockroach bites you but does no damage.
You take 2 damage, and have 23/25 hp.
You hit the giant cockroach but do no damage.
The giant cockroach misses you.
You hit the giant cockroach but do no damage.
The giant cockroach closely misses you.
The giant cockroach bites you but does no damage.
You closely miss the giant cockroach. The giant cockroach bites you.
You take 2 damage, and have 21/25 hp.
You barely miss the giant cockroach. The giant cockroach barely misses you.
The giant cockroach misses you.
You hit the giant cockroach but do no damage.
The giant cockroach barely misses you.
You hit the giant cockroach.
You kill the giant cockroach!
No target in view!
No target in view!
No target in view!
No target in view!
No target in view!
You now have 32 gold pieces (gained 11).
A leopard gecko comes into view.
A leopard gecko is nearby!
The leopard gecko barely misses you.
The leopard gecko hisses menacingly.
The leopard gecko bites you but does no damage.
You completely miss the leopard gecko. The leopard gecko closely misses you.
You barely miss the leopard gecko. The leopard gecko bites you. x2
You take 4 damage, and have 18/25 hp.
You hit the leopard gecko but do no damage.
The leopard gecko barely misses you.
You barely miss the leopard gecko. The leopard gecko barely misses you.
You hit the leopard gecko. The leopard gecko closely misses you.
The leopard gecko bites you.
You take 3 damage, and have 15/25 hp.
You are too injured to fight recklessly!
You are too injured to fight recklessly!
You are too injured to fight recklessly!
You are too injured to fight recklessly!
You are too injured to fight recklessly!
You are too injured to fight recklessly!
You are too injured to fight recklessly!
You are too injured to fight recklessly!
You are too injured to fight recklessly!
You are too injured to fight recklessly!
You are too injured to fight recklessly!
You are too injured to fight recklessly!
You are too injured to fight recklessly!
You closely miss the leopard gecko. The leopard gecko bites you. x2
You take 5 damage, and have 10/25 hp.
You miss the leopard gecko. The leopard gecko barely misses you.
You miss the leopard gecko. The leopard gecko closely misses you.
The leopard gecko bites you but does no damage.
You hit the leopard gecko. The leopard gecko bites you.
You take 2 damage, and have 8/25 hp.
Unknown command.
You hit the leopard gecko.
You kill the leopard gecko!
You see here a leopard gecko corpse.
Unknown command.
You start resting.
You feel your flesh rotting away.
You regained 15 hp, and now have 23/24 hp.
You butcher the leopard gecko corpse.
g - 2 chunks of flesh {@w0} Eating one of 2 chunks of flesh {@w0}.
You eat one of the 2 chunks of flesh {@w0}.
You feel more resilient.
This raw flesh tastes great!
Eating a chunk of flesh {@w0}.
You eat the chunk of flesh {@w0}.
You feel more resilient.
This raw flesh tastes great!
A rat comes into view.
You regained 2 hp, and now have 25/26 hp.
A rat is nearby!
Unknown command.
A rat is nearby!
You hit the rat but do no damage. The rat bites you but does no damage.
The rat barely misses you.
You hit the rat.
You kill the rat!
No target in view!
No target in view!
No target in view!
No target in view!
No target in view!
No target in view!
No target in view!
No target in view!
No target in view!
No target in view!
No target in view!

#####.# #.@...# ###
########.###.#
###.###..........#.# ##
##.................... ..
...###..............## ##... .
....#.##.....####.#.# ##....##.
.)..>†......................# ..
....#####..#.####.#.###.##..##..#
....# #....# .#.# #.# #...##.


There were no monsters in sight!

Vanquished Creatures
  2 leopard geckos (D:1)
  A bat (D:1)
  A giant cockroach (D:1)
  A ball python (D:1)
  2 frilled lizards (D:1)
  A kobold (D:1)
  3 rats (D:1)
11 creatures vanquished.

Notes
Turn   | Place    | Note
-------+----------+-------------------------------------------
     0 | D:1      | mhoghedin the Ghoul Wanderer began the quest for the Orb.
     0 | D:1      | mhoghedin set off with: a +0 ring mail, a wand of random effects (15), a +0 club, a ration
     0 | D:1      | Reached XP level 1. HP: 19/19 MP: 2/2
    90 | D:1      | Reached skill level 2 in Evocations
   122 | D:1      | Reached XP level 2. HP: 10/26 MP: 3/3
   542 | D:1      | Quit the game

Vault maps used:
D:1:      lightli_iron_boxes, hangedman_decor_points, corexii_hall_statues_t,
          minmay_cupped

Skill      XL: |  1 |
---------------+----+-----
Evocations     | 2 |  2.0
Fighting       | |  3.4
Axes           | |  1.0
Maces & Flails | |  0.5
Armour         | |  1.1
Unarmed Combat | |  0.4
Spellcasting   | |  1.9
Charms         | |  1.0

Action                   || total
-------------------------++-------
Melee: Club              ||    65
       Unarmed           ||     2
  Eat: Chunk             ||     4
Armor: Ring mail         ||    46
Dodge: Dodged            ||    67

Table legend:
 A = Spawn XP
 B = Non-spawn XP
 C = Spawn XP percentage of total XP
 D = Spawn monster count
 E = Non-spawn monster count
 F = Spawn count percentage of total count
 G = Total turns spent on level
                    A         B        C        D         E        F      G
               +---------+---------+-------+---------+---------+-------+---------
         Total |       0 |      17 |   0.0 |       0 |      11 |   0.0 |   542
               +---------+---------+-------+---------+---------+-------+---------
           D:1 |       0 |      17 |   0.0 |       0 |      11 |   0.0 |   542
               +---------+---------+-------+---------+---------+-------+---------

Vault maps used:
D:1:      lightli_iron_boxes, hangedman_decor_points, corexii_hall_statues_t,
          minmay_cupped

Table legend:
 A = Turns spent in this place as a percentage of turns spent in the entire game.
 B = Non-inter-level travel turns spent in this place as a percentage of non-inter-level travel turns spent in the entire game.
 C = Inter-level travel turns spent in this place as a percentage of turns spent in this place.
 D = Turns resting spent in this place as a percentage of non-inter-level travel turns spent in this place.
 E = Turns spent auto-exploring this place as a percentage of non-inter-level travel turns spent in this place.
 F = Non-inter-level travel turns spent in this place divided by the number of levels of this place that you've seen.
                   A       B       C       D       E      F
               +-------+-------+-------+-------+-------+----------------------
         Total | 100.0 | 100.0 |   0.0 |  66.6 |  10.7 | 542.0
       Dungeon | 100.0 | 100.0 |   0.0 |  66.6 |  10.7 | 542.0
               +-------+-------+-------+-------+-------+----------------------

Table legend:
 A = Kills in this place as a percentage of kills in entire the game.
 B = Kills by you in this place as a percentage of kills by you in the entire game.
 C = Kills by friends in this place as a percentage of kills by friends in the entire game.
 D = Other kills in this place as a percentage of other kills in the entire game.
 E = Experience gained in this place as a percentage of experience gained in the entire game.
 F = Experience gained in this place divided by the number of levels of this place that you have seen.
                   A       B       C       D       E      F
               +-------+-------+-------+-------+-------+----------------------
         Total | 100.0 | 100.0 |   N/A |   N/A | 100.0 |  17.0
       Dungeon | 100.0 | 100.0 |   N/A |   N/A | 100.0 |  17.0
               +-------+-------+-------+-------+-------+----------------------
